 Dungeon Crawl Stone Soup version 0.26-a0-27-g1f0226971c (webtiles) character file.

Game seed: 17271082564437775712, levelgen mode: deterministic

1320676 bmfx the Acrobat (level 27, 138/138 HPs)
             Began as a Felid Necromancer on May 27, 2020.
             Was the Champion of Makhleb.
             Escaped with the Orb
             ... and 3 runes!
             The game lasted 06:35:21 (148492 turns).

bmfx the Acrobat (Felid Necromancer)              Turns: 148492, Time: 06:35:21

Health: 138/138    AC:  5    Str: 12    XL:     27
Magic:  46/46      EV: 37    Int: 27    God:    Makhleb [******]
Gold:   2486       SH:  0    Dex: 17    Spells: 6/53 levels left
                                        Lives:  2   Deaths: 1

rFire    . . .     SeeInvis +     - Unarmed
rCold    + + .     Gourm    .   (shield unavailable)
rNeg     + . .     Faith    .   (armour unavailable)
rPois    +         Spirit   +   (helmet unavailable)
rElec    +         Reflect  .   (cloak unavailable)
rCorr    .         Harm     .   (gloves unavailable)
MR       ++++.     Rnd*Tele +   (boots unavailable)
Stlth    +++.......             U - amulet "Metin" {Spirit SInv}
HPRegen  0.33/turn              Y - ring of Ruotank {rPois rC+ MP+9 Str+5 Slay+2}
MPRegen  0.30/turn              X - ring "Wezxub" {rN+ Str+3 Slay+4}

@: quick
A: very small, no armour, no weapons or thrown items, stealth, claws 1, fangs 3,
iridescent scales 1, see invisible, carnivore, clumsy 1, deterioration 1, speed
1, low mp 1, shaggy fur 3, electricity resistance, slow metabolism 1,
teleportitis 1, wild magic 1, evolution 1, no potion heal 1, sharp paws
0: Orb of Zot
}: 3/15 runes: decaying, serpentine, silver
a: Minor Destruction, Lesser Servant of Makhleb, Major Destruction, Greater
Servant of Makhleb, Renounce Religion


You escaped.
You worshipped Makhleb.
Makhleb was exalted by your worship.
You were very full.

You visited 10 branches of the dungeon, and saw 52 of its levels.
You visited the Abyss 1 time.

You collected 8565 gold pieces.
You spent 6079 gold pieces at shops.


Innate Abilities, Weirdness & Mutations

You cannot wear armour.
You are incapable of wielding weapons or throwing items.
Your paws allow you to move quietly. (Stealth)
You have sharp claws.
You have razor-sharp teeth.
You have supernaturally acute eyesight. (SInv)
You are carnivorous and can eat meat at any time.
You cover ground quickly.
Your thick and shaggy fur keeps you warm. (AC +3, rC+)
You have a slow metabolism.
Your sharp claws are effective at attacking unaware monsters.
You are partially covered in iridescent scales. (AC +2)
You are clumsy. (Dex -2)
Your body sometimes deteriorates upon taking damage.
Your magical capacity is low. (-10% MP)
You are resistant to electric shocks. (rElec)
You are occasionally teleported next to monsters.
Your spells are a little harder to cast, but a little more powerful.
You evolve.
Potions are less effective at restoring your health.

Dungeon Overview and Level Annotations

Branches:
Dungeon (15/15)            Temple (0/1) D:7            Lair (6/6) D:10
  Swamp (4/4) Lair:3        Snake (4/4) Lair:3        Slime (0/5) Lair:6
    Orc (2/2) D:10            Elf (3/3) Orc:2        Vaults (5/5) D:13
  Crypt (3/3) Vaults:3       Tomb (0/3) Crypt:3      Depths (5/5) D:15
    Zot (5/5) Depths:5

Altars:
Ashenzari
Dithmenos
Gozag
Kikubaaqudgha
Makhleb
Nemelex Xobeh
Okawaru
Qazlal
Ru
Sif Muna
Vehumet
Wu Jian
Xom
Zin
The Shining One
Jiyva

Shops:
D:4 :   D:5 (   Orc:2 (*:   Snake:2 }   Snake:4 =}=?   Depths:2 [   Depths:4 :

Portals:
Hell: Depths:1 Depths:2 Depths:3 Depths:4 Depths:5
Abyss: Zot:4 Depths:4
Pandemonium: Depths:1 Depths:3 Depths:4
Ziggurat: Depths:1

Annotations:
Swamp:2 Frances
Depths:2 2 transporters
Zot:4 2 transporters, UristMcRaven's ghost, master DECj


   Skills:
 + Level 22.0 Fighting
 - Level 24.0 Dodging
 - Level 20.0 Stealth
 - Level 24.0 Unarmed Combat
 - Level 13.7 Spellcasting
 - Level 12.0 Conjurations
 - Level 14.0 Hexes
   Level 3.1 Summonings
   Level 6.0 Necromancy
 - Level 4.0 Translocations
 - Level 16.0 Transmutations
 - Level 12.0 Earth Magic
 - Level 12.0 Invocations
 - Level 10.0 Evocations


You had 6 spell levels left.
You knew the following spells:

 Your Spells              Type           Power        Failure   Level  Hunger
a - Apportation           Tloc           ######       1%          1    None
b - Blink                 Tloc           N/A          1%          2    None
i - Invisibility          Hex            #######.     2%          6    ####...
w - Passwall              Tmut/Erth      #######.     1%          2    None
A - Iron Shot             Conj/Erth      #######...   5%          6    ####...
B - Statue Form           Tmut/Erth      #######..    2%          6    ####...
C - Dragon Form           Tmut           #######...   6%          7    ######.
D - Irradiate             Conj/Tmut      #######...   1%          5    ##.....
E - Petrify               Tmut/Erth      #######.     1%          4    None
F - Lesser Beckoning      Tloc           ######....   3%          3    None
G - Lee's Rapid Deconstr  Erth           #######...   1%          5    ##.....

Your spell library contained the following spells:

 Spells                   Type           Power        Failure   Level  Hunger
 Animate Skeleton         Necr           N/A          1%          1    None
 Beastly Appendage        Tmut           ######       1%          1    None
 Corona                   Hex            #######      1%          1    None
 Foxfire                  Conj/Fire      ####         1%          1    None
 Magic Dart               Conj           ####         1%          1    None
 Pain                     Necr           ####         1%          1    None
 Sandblast                Erth           ######       1%          1    None
 Shock                    Conj/Air       ####         1%          1    None
 Summon Butterflies       Summ           #####...     1%          1    None
 Summon Small Mammal      Summ           ####         1%          1    None
 Searing Ray              Conj           ######       1%          2    None
 Slow                     Hex            #######.     1%          2    None
 Sticks to Snakes         Tmut           #######.     1%          2    None
 Sublimation of Blood     Necr           ######....   1%          2    None
 Confusing Touch          Hex            #######.     1%          3    None
 Conjure Flame            Conj/Fire      ######..     1%          3    None
 Dazzling Flash           Conj/Hex       ######       1%          3    None
 Inner Flame              Hex/Fire       ######..     1%          3    None
 Spider Form              Tmut/Pois      ######....   1%          3    None
 Static Discharge         Conj/Air       ######..     1%          3    None
 Stone Arrow              Conj/Erth      ######       1%          3    None
 Summon Guardian Golem    Hex/Summ       ######..     1%          3    None
 Tukima's Dance           Hex            #######.     1%          3    None
 Vampiric Draining        Necr           ######....   1%          3    None
 Cause Fear               Hex            #######...   1%          4    None
 Fulminant Prism          Conj/Hex       #######...   1%          4    None
 Leda's Liquefaction      Hex/Erth       #######...   1%          4    None
 Blade Hands              Tmut           #######...   1%          5    ##.....
 Yara's Violent Unravell  Hex/Tmut       #######...   1%          5    ##.....
 Hydra Form               Tmut           #######...   1%          6    ####...
 Call Imp                 Summ           #####...     2%          2    None
 Corpse Rot               Necr/Air       N/A          2%          2    None
 Ignite Poison            Fire/Tmut/Pois ######..     2%          3    None
 Ice Form                 Ice/Tmut       ######..     2%          4    None
 Iskenderun's Mystic Bla  Conj/Tloc      ######..     2%          4    None
 Darkness                 Hex            #######...   2%          6    ####...
 Shroud of Golubria       Chrm/Tloc      #####.       3%          2    None
 Gell's Gravitas          Tloc           ######....   3%          3    None
 Mephitic Cloud           Conj/Pois/Air  ######..     3%          3    None
 Recall                   Summ/Tloc      N/A          3%          3    None
 Borgnjor's Vile Clutch   Necr/Erth      ######....   3%          5    ##.....
 Call Canine Familiar     Summ           #####...     4%          3    None
 Animate Dead             Necr           N/A          4%          4    None
 Dispel Undead            Necr           ######..     4%          4    None
 Hailstorm                Conj/Ice       ######..     4%          4    None
 Sticky Flame             Conj/Fire      ######..     4%          4    None
 Summon Mana Viper        Hex/Summ       ######..     4%          5    ##.....
 Freeze                   Ice            ###.         5%          1    None
 Infusion                 Chrm           ###.         5%          1    None
 Alistair's Intoxication  Tmut/Pois      ######..     5%          5    ##.....
 Bolt of Magma            Conj/Fire/Erth ######....   5%          5    ##.....
 Poisonous Vapours        Pois/Air       ###...       7%          2    None
 Song of Slaying          Chrm           ###.....     7%          2    None
 Swiftness                Chrm/Air       ###.....     7%          2    None
 Metabolic Englaciation   Hex/Ice        ######....   8%          5    ##.....
 Silence                  Hex/Air        ######....   8%          5    ##.....
 Agony                    Necr           ######..     11%         5    ##.....
 Fireball                 Conj/Fire      ######....   11%         5    ##.....
 Iskenderun's Battlesphe  Conj/Chrm      ######..     11%         5    ##.....
 Lightning Bolt           Conj/Air       ######....   11%         5    ##.....
 Frozen Ramparts          Ice            ###...       13%         3    None
 Ozocubu's Armour         Chrm/Ice       ###.....     13%         3    None
 Summon Ice Beast         Ice/Summ       #####...     22%         4    None
 Summon Lightning Spire   Summ/Air       #####...     22%         4    None
 Eringya's Noxious Bog    Tmut/Pois      ######....   24%         6    ####...
 Summon Forest            Summ/Tloc      #####.....   26%         5    ##.....
 Aura of Abjuration       Summ           #####.....   30%         5    ##.....
 Summon Demon             Summ           #####.....   30%         5    ##.....
 Airstrike                Air            ###.......   36%         4    None
 Olgreb's Toxic Radiance  Pois           ###.....     36%         4    None
 Conjure Ball Lightning   Conj/Air       ######....   45%         6    ####...
 Death Channel            Necr           ######....   45%         6    ####...
 Starburst                Conj/Fire      ######....   45%         6    ####...
 Freezing Cloud           Conj/Ice/Air   ######....   73%         6    ####...
 Shadow Creatures         Summ           N/A          83%         6    ####...
 Simulacrum               Ice/Necr       #####.....   85%         6    ####...
 Orb of Destruction       Conj           #######...   26%         7    ######.
 Spellforged Servitor     Conj/Summ      ######....   80%         7    ######.
 Malign Gateway           Summ/Tloc      #####.....   100%        7    ######.
 Ring of Flames           Chrm/Fire      ###.......   100%        7    ######.
 Summon Hydra             Summ           #####.....   100%        7    ######.
 Ignition                 Fire           ###.......   100%        8    #######
 Infestation              Necr           ######....   100%        8    #######
 Dragon's Call            Summ           #####.....   100%        9    #######
 Shatter                  Erth           #######...   100%        9    #######
 Tornado                  Air            ###.......   100%        9    #######
 Portal Projectile        Hex/Tloc       Unusable     N/A         3    N/A
 Spectral Weapon          Hex/Chrm       Unusable     N/A         3    N/A
 Passage of Golubria      Tloc           Unusable     N/A         4    N/A
 Excruciating Wounds      Chrm/Necr      Unusable     N/A         5    N/A

Action                   |  1- 3 |  4- 6 |  7- 9 | 10-12 | 13-15 | 16-18 | 19-21 | 22-24 | 25-27 || total
-------------------------+-------+-------+-------+-------+-------+-------+-------+-------+-------++-------
Melee: Unarmed           |     1 |    22 |   349 |   589 |  1192 |   985 |   758 |   967 |  1074 ||  5937
       Bite              |       |     1 |    28 |    52 |    76 |    95 |    52 |    96 |   110 ||   510
       Punch             |       |       |     5 |    26 |    46 |    47 |    47 |    80 |   117 ||   368
       Tailslap          |       |       |       |       |       |       |       |    61 |    22 ||    83
 Cast: Pain              |    91 |   162 |   201 |    98 |    34 |     1 |       |       |       ||   587
       Vampiric Draining |       |     2 |    50 |    78 |    82 |     9 |       |       |       ||   221
       Invisibility      |       |       |       |    40 |    89 |   101 |    76 |    45 |    24 ||   375
       Blink             |       |       |       |     2 |       |    11 |     9 |     2 |     6 ||    30
       Blade Hands       |       |       |       |       |     4 |    20 |    24 |       |       ||    48
       Irradiate         |       |       |       |       |     1 |    17 |    42 |    22 |     4 ||    86
       Apportation       |       |       |       |       |       |    15 |    12 |     1 |     2 ||    30
       Petrify           |       |       |       |       |       |   132 |   255 |    62 |       ||   449
       Lesser Beckoning  |       |       |       |       |       |     5 |     2 |     5 |    34 ||    46
       Lee's Rapid Decon |       |       |       |       |       |    23 |   234 |    58 |     3 ||   318
       Passwall          |       |       |       |       |       |       |    24 |    23 |    31 ||    78
       Iron Shot         |       |       |       |       |       |       |    22 |    47 |       ||    69
       Dragon Form       |       |       |       |       |       |       |       |    36 |     8 ||    44
       Statue Form       |       |       |       |       |       |       |       |     7 |    62 ||    69
Invok: Lesser Servant of |       |       |       |     7 |    32 |    30 |    24 |       |       ||    93
 Abil: End Transformatio |       |       |       |       |       |     5 |    14 |     7 |    12 ||    38
Evoke: Wand              |       |       |     7 |     7 |    37 |    27 |    25 |    11 |    21 ||   135
       Box of beasts     |       |       |     1 |       |       |       |       |       |       ||     1
       Phial of floods   |       |       |       |     1 |     1 |     3 |     2 |       |     1 ||     8
       Tin of tremorston |       |       |       |       |       |       |    11 |       |     3 ||    14
       Lightning rod     |       |       |       |       |       |       |    17 |       |       ||    17
       Phantom mirror    |       |       |       |       |       |       |     2 |       |       ||     2
  Use: Scroll            |     1 |     8 |    12 |     5 |     7 |    16 |    14 |    15 |    16 ||    94
       Potion            |       |     3 |     4 |     6 |    11 |     7 |     7 |     8 |    17 ||    63
 Stab: Sleeping          |     1 |     1 |     4 |    38 |    99 |    79 |    83 |   123 |    43 ||   471
       Distracted        |       |       |     2 |     2 |     7 |     4 |     2 |     4 |     2 ||    23
       Invisible         |       |       |       |    72 |   198 |   244 |    97 |   117 |    35 ||   763
       Petrified         |       |       |       |       |       |    55 |   109 |    29 |       ||   193
       Petrifying        |       |       |       |       |       |    19 |    33 |    19 |       ||    71
       Paralysed         |       |       |       |       |       |     4 |     1 |     1 |     2 ||     8
       Betrayed ally     |       |       |       |       |       |       |       |       |     1 ||     1
  Eat: Chunk             |    14 |    14 |    30 |    55 |    82 |    98 |   117 |    78 |    43 ||   531
       Ration            |       |       |     1 |     1 |     1 |     4 |    17 |     1 |     1 ||    26
Armor: Skin              |     1 |       |    31 |    35 |    21 |    22 |    39 |   135 |   237 ||   521
Dodge: Dodged            |    18 |    48 |   330 |   594 |  1058 |   757 |   796 |   674 |  1108 ||  5383

Skill      XL: |  1  2  3  4  5  6  7  8  9 10 11 12 13 14 15 16 17 18 19 20 21 22 23 24 25 26 27 |
---------------+----------------------------------------------------------------------------------+-----
Stealth        | 3 4 6 12 14 15 19 20 | 20.0
Dodging        | 3 4 8 9 12 15 16 17 18 20 24 | 24.0
Necromancy     | 5 6 |  6.0
Unarmed Combat | 1 3 6 8 9 12 13 15 16 18 20 24 | 24.0
Spellcasting   | 3 4 5 8 10 11 13 | 13.7
Fighting       | 3 4 5 8 11 13 15 17 20 22 | 22.0
Evocations     | 2 5 10 | 10.0
Translocations | 4 |  4.0
Hexes          | 8 13 14 | 14.0
Invocations    | 1 3 5 9 12 | 12.0
Transmutations | 10 13 16 | 16.0
Conjurations   | 4 6 9 12 | 12.0
Earth Magic    | 4 6 9 10 12 | 12.0
Summonings     | 3 |  3.1

Inventory:

Jewellery
 k - the ring "Joepleet" {rPois rF+ MR+ Dex+6 Stlth+}
   (You found it on level 4 of the Depths)

   [ring of dexterity]

   It affects your dexterity (+6).
   It protects you from fire.
   It protects you from poison.
   It affects your resistance to hostile enchantments.
   It makes you more stealthy.
 n - an uncursed ring of resist corrosion
 C - a +4 ring of evasion
 D - a +4 ring of protection
 J - an uncursed ring of positive energy
 N - the cursed necklace of Bloodlust {*Rage +Rage MR++ Int-3 Slay+6 *Curse}
   (You took it off a deep elf demonologist on level 3 of the Elven Halls)

   [amulet of nothing]

   It affects your intelligence (-3).
   It affects your accuracy and damage with ranged weapons and melee attacks
   (+6).
   It affects your resistance to hostile enchantments.
   It lets you go berserk.
   It may make you go berserk in combat.
   It curses itself when equipped.
   It has a curse placed upon it.
 P - the ring of Tenwoll {rPois rF++}
   (You bought it in a shop on level 4 of the Snake Pit)

   [ring of poison resistance]

   It greatly protects you from fire.
   It protects you from poison.
 R - an uncursed ring of flight
 U - the amulet "Metin" (around neck) {Spirit SInv}
   (You took it off a naga mage on level 4 of the Snake Pit)

   [amulet of guardian spirit]

   It causes incoming damage to be split between your health and magic.
   It lets you see invisible.
 X - the ring "Wezxub" (right paw) {rN+ Str+3 Slay+4}
   (You found it on level 4 of the Depths)

   [ring of slaying]

   It affects your strength (+3).
   It affects your accuracy and damage with ranged weapons and melee attacks
   (+4).
   It protects you from negative energy.
 Y - the ring of Ruotank (left paw) {rPois rC+ MP+9 Str+5 Slay+2}
   (You found it on level 4 of the Depths)

   [ring of magical power]

   It affects your strength (+5).
   It affects your accuracy and damage with ranged weapons and melee attacks
   (+2).
   It protects you from cold.
   It protects you from poison.
   It affects your magic capacity (+9).
 Z - the ring "Fumiuh" {Wiz Str+3}
   (You found it on level 4 of the Depths)

   [ring of wizardry]

   It improves your spell success rate.
   It affects your strength (+3).
Wands
 e - a wand of enslavement (11)
 q - a wand of acid (6)
 t - a wand of iceblast (35)
 y - a wand of polymorph (29)
 A - a wand of digging (26)
 I - a wand of paralysis (9)
 Q - a wand of flame (39)
 W - a wand of disintegration (9)
Scrolls
 d - 25 scrolls of teleportation {@r1}
 u - 5 scrolls of holy word
 x - 23 scrolls of remove curse {@r4}
 E - a scroll of vulnerability
 H - 3 scrolls of fear
 K - 15 scrolls of identify {@r3}
 M - a scroll of silence
 T - a scroll of blinking {@r2}
Potions
 a - 6 potions of flight
 f - 8 potions of ambrosia
 g - 7 potions of heal wounds {@q1}
 h - 6 potions of stabbing
 i - 4 potions of lignification
 j - 4 potions of cancellation
 l - 3 potions of resistance
 m - 4 potions of might
 o - 13 potions of curing {@q2}
 p - 11 potions of brilliance
 r - 3 potions of magic
 z - 3 potions of haste {@q4}
 G - 3 potions of berserk rage
 V - 2 potions of invisibility
Miscellaneous
 s - a tin of tremorstones (3/3)
 v - a phial of floods
 L - 5 boxes of beasts
 O - 2 phantom mirrors
 S - a lightning rod (4/4)
Comestibles
 b - 108 rations

.....#.# #.........# ####.#.##
#.#######.# #
#....########.#######.##
####......................#
.##.....#.....#..#######..#
.##.##.##.###....# #..#
.....#...........# #..#
#.##.####.#####.########..#####
.)[#.####.#####.@.............##
#)........................##...##
##....###.####..........#.#..#..#
......# #.# #......##.###..###..
...#..###.# #.#....#.## ##..#..#
..........# #.##.#..## ##...##
#..######## #.##.###.## ##.####
#........#####.##.# ##.###.##
##.#####.......##.#####.#.##


There were no monsters in sight!

Vanquished Creatures
  A pandemonium lord (Zot:1)
  6 orbs of fire
  5 ancient liches
  Mennas (Crypt:2)
  Sojobo (Crypt:2)
  11 Killer Klowns
  Margery (Depths:5)
  the Lernaean hydra (Swamp:4)
  4 curse toes
  The ghost of Usulitso the Severer, a veteran FoVM of Uskayaw (Vaults:1)
  Saint Roka (Crypt:3)
  10 golden dragons
  2 bone dragons
  Jory (Crypt:2)
  3 electric golems
  A Hell Sentinel (Depths:3)
  An Ice Fiend (D:6)
  9 quicksilver dragons
  2 titans
  The ghost of Moutitz the Tortoise, an adept MiFi of the Shining One (Vaults:2)
  A deep elf blademaster (Elf:3)
  16 tentacled monstrosities
  Asterion (Elf:1)
  25 Orb Guardians (Zot:5)
  2 deep elf master archers (Elf:3)
  10 death cobs
  11 liches
  An Executioner (Depths:3)
  3 ancient champions
  3 sphinxes
  A thorn hunter (Swamp:4)
  8 storm dragons
  Kirke (Snake:3)
  6 tengu reavers
  11 shadow dragons
  7 nagarajas (Snake:4)
  7 fire giants
  17 frost giants
  Donald (Crypt:2)
  5 draconian monks
  3 iron dragons (Vaults:5)
  3 ghost moths
  13 vault wardens
  4 draconian knights
  Louise (Swamp:1)
  16 deep elf sorcerers
  7 ghouls
  4 draconian scorchers
  2 draconian shifters
  3 curse skulls
  4 deep elf elementalists
  15 ironheart preservers
  5 war gargoyles
  5 draconian stormcallers
  38 very ugly things
  5 draconian annihilators
  16 stone giants
  A spriggan defender (Depths:4)
  2 entropy weavers
  12 deep elf demonologists
  10 white draconians
  9 deep elf annihilators
  9 black draconians
  8 red draconians
  8 vampire knights
  10 green draconians
  A dire elephant (D:15)
  6 yellow draconians
  7 purple draconians
  6 spark wasps
  9 deep elf death magi
  17 ettins
  20 yaktaur captains
  Josephine (D:13)
  11 jiangshi
  A crystal guardian (Vaults:5)
  12 hydras
  9 deep elf high priests
  8 great orbs of eyes
  The ghost of Caleiyous the Destroyer, a journeyman GrFE of Vehumet (D:14)
  11 fire dragons
  The ghost of Tullig the Cleaver, a journeyman BaFi of Gozag (D:11)
  12 ice dragons
  6 rakshasas
  34 vault guards
  3 death knights
  A shambling mangrove (Swamp:3)
  8 centaur warriors
  7 anacondas
  A ghost crab (Swamp:2)
  2 spriggan air magi (Depths:3)
  18 naga warriors
  3 death yaks (Lair:5)
  A merfolk aquamancer (Depths:4)
  9 alligators
  3 spectral fire giants (Vaults:1)
  24 dancing weapons
  9 ogre magi
  14 deep troll shamans
  24 two-headed ogres
  6 tengu warriors
  7 vampire magi
  6 deep troll earth magi
  5 spriggan berserkers
  An orc high priest (Orc:2)
  7 shock serpents
  12 hell knights
  16 naga sharpshooters
  A storm dragon zombie (Crypt:3)
  2 soul eaters (Depths:1)
  36 deep elf knights
  A spectral human (Vaults:1)
  5 salamander mystics
  A sixfirhy (Depths:1)
  54 skeletal warriors
  2 shadow wraiths
  5 flayed ghosts
  A deep troll (shapeshifter) (Depths:4)
  A spriggan druid (Depths:5)
  A swamp dragon (shapeshifter) (Vaults:4)
  6 iron trolls
  7 large abominations
  3 unseen horrors
  38 deep trolls
  12 orc knights
  5 naga ritualists
  13 ironbrand convokers
  8 swamp dragons
  5 glowing orange brains
  8 wizards
  9 phantasmal warriors
  21 deep elf archers
  A shadow dragon zombie (Crypt:3)
  2 mana vipers
  2 iron dragon zombies (Crypt:3)
  A fire giant zombie (Crypt:1)
  A wolf spider zombie (D:15)
  3 wolf spiders
  6 harpies
  2 stone giant zombies
  7 orc sorcerers
  79 deep elf magi
  A harpy (shapeshifter) (Vaults:5)
  3 manticores
  6 necromancers
  6 salamanders
  A wolf spider (shapeshifter) (Vaults:5)
  A human zombie (Vaults:1)
  4 cyclopes
  2 salamanders (shapeshifter)
  51 ugly things
  A faun (shapeshifter) (Depths:3)
  A frost giant zombie (Crypt:3)
  A shadow dragon skeleton (Crypt:3)
  16 elephants (Lair:4)
  A black mamba (shapeshifter) (Depths:3)
  42 black mambas
  26 moths of wrath
  A sphinx skeleton (Vaults:5)
  2 iron dragon skeletons (Crypt:3)
  A spectral elf (Vaults:1)
  3 fire giant skeletons (Crypt:3)
  8 guardian serpents
  2 molten gargoyles (Depths:3)
  A toenail golem (D:6)
  3 smoke demons
  11 vault sentinels
  2 stone giant skeletons
  24 spiny frogs
  6 gargoyles
  A frost giant skeleton (Vaults:5)
  20 naga magi
  A hellion (Depths:1)
  A centaur skeleton (D:12)
  A rime drake (shapeshifter) (Vaults:2)
  2 komodo dragons (shapeshifter)
  7 komodo dragons
  2 spectral deep trolls (Vaults:1)
  A yaktaur (shapeshifter) (Elf:3)
  47 yaktaurs
  4 rime drakes
  3 efreet
  An emperor scorpion zombie (Crypt:3)
  8 freezing wraiths
  2 hellwings
  A black draconian skeleton (Crypt:2)
  An ice devil (Zot:1)
  7 red devils (Crypt:3)
  A queen bee (shapeshifter) (D:11)
  6 trolls
  5 meliai
  15 hornets
  A harpy zombie (Crypt:3)
  A merfolk (Depths:4)
  5 tengu conjurers
  12 tyrant leeches
  A queen bee (D:14)
  5 polar bears
  A death drake skeleton (Crypt:1)
  A troll (shapeshifter) (D:13)
  4 bog bodies
  A raiju (shapeshifter) (Vaults:5)
  A harpy skeleton (Crypt:3)
  25 blink frogs
  24 slime creatures
  2 ice dragon zombies
  A blink frog (shapeshifter) (Elf:1)
  8 hippogriffs
  2 meliai zombies
  A fire dragon skeleton (Crypt:2)
  A guardian serpent skeleton (Crypt:2)
  A frost giant simulacrum (Vaults:4)
  A redback (Vaults:3)
  An ettin skeleton (Crypt:1)
  10 spriggans
  15 water elementals
  A redback (shapeshifter) (Depths:3)
  7 shadows
  3 vampires (Crypt:3)
  6 air elementals
  2 tarantellas (Vaults:3)
  17 wraiths
  A tarantella (shapeshifter) (Vaults:1)
  5 wyverns
  A fire bat (Swamp:4)
  A tyrant leech zombie (Crypt:2)
  34 yaks
  21 humans (D:13)
  6 hungry ghosts
  A basilisk (shapeshifter) (Depths:4)
  5 fire elementals
  4 hogs (Snake:3)
  4 yaktaur simulacra
  7 small abominations (Depths:1)
  26 vampire mosquitoes
  A faun zombie (Crypt:1)
  3 wargs
  18 swamp worms
  A soldier ant (shapeshifter) (Vaults:5)
  2 acid dragons
  A hell hound (Depths:3)
  62 nagas
  8 porcupines
  9 water moccasins
  A gelid demonspawn skeleton (Crypt:1)
  10 ice beasts
  A deep troll skeleton (Vaults:5)
  A floating eye (shapeshifter) (Depths:5)
  2 floating eyes (Depths:4)
  7 swamp drakes
  An ettin simulacrum (Vaults:1)
  A water nymph skeleton (Crypt:1)
  5 black bears
  40 orc warriors
  5 sky beasts
  A black bear (shapeshifter) (Vaults:5)
  3 eyes of draining
  A phantom (D:9)
  8 necrophages
  17 wolves
  15 boggarts
  15 centaurs
  25 ogres
  A dream sheep skeleton (Crypt:2)
  13 crocodiles
  8 big kobolds
  A komodo dragon zombie (Crypt:1)
  Blork the orc (D:4)
  24 bullfrogs
  2 gnoll sergeants (D:10)
  2 earth elementals
  An elf skeleton (Crypt:1)
  A deep troll simulacrum (Vaults:1)
  2 human skeletons (Vaults:1)
  A water moccasin zombie (D:8)
  A cyclops skeleton (Crypt:2)
  3 scorpions
  A shapeshifter zombie (Crypt:1)
  3 elf simulacra
  8 killer bees (D:14)
  2 yak skeletons (Crypt:2)
  10 wights
  5 howler monkeys
  3 vampire bats
  An electric eel (D:15)
  4 crimson imps
  3 centaur zombies
  22 orc priests
  A human simulacrum (Vaults:1)
  2 jellies (D:6)
  12 hounds
  4 bullfrog skeletons
  5 iguanas
  21 orc wizards
  A statue (D:8)
  11 worker ants
  A killer bee zombie (D:7)
  3 hound skeletons
  9 gnolls
  A worker ant zombie (D:5)
  2 howler monkey skeletons
  22 adders
  3 shadow imps
  12 white imps
  2 oozes (D:3)
  An adder skeleton (D:6)
  4 worms
  A dart slug (D:3)
  5 leopard geckos
  87 orcs
  2 bat skeletons (D:7)
  4 bat zombies (D:7)
  5 giant cockroaches
  5 goblins
  6 hobgoblins
  15 jackals
  37 kobolds
  3 quokkas
  A ball python (D:5)
  19 bats
  5 frilled lizards
  6 rats
  3 crawling corpses (Vaults:1)
2471 creatures vanquished.

Vanquished Creatures (collateral kills)
  A deep elf blademaster (Elf:3)
  A draconian annihilator (Zot:3)
  A draconian shifter (Zot:3)
  An orc warlord (Orc:2)
  A dire elephant (Lair:4)
  2 red draconians
  2 jiangshi (Crypt:1)
  8 hydras
  A two-headed ogre (D:10)
  A deep troll shaman (D:15)
  3 orc high priests (Orc:2)
  A spriggan druid (Swamp:4)
  A deep troll (D:15)
  A swamp dragon (Swamp:4)
  An orc knight (Orc:2)
  2 orc sorcerers (Orc:2)
  A wolf spider (Vaults:3)
  An ugly thing (D:15)
  An elephant (Lair:4)
  A spiny frog (Lair:6)
  A yaktaur (Vaults:1)
  A troll (D:10)
  A hornet (Swamp:4)
  A vampire (D:14)
  A spriggan (Swamp:4)
  A wraith (D:11)
  A warg (Vaults:3)
  2 swamp drakes (Swamp:4)
  7 orc warriors (Orc:2)
  2 ogres (D:10)
  A crocodile (Lair:6)
  A big kobold (D:10)
  2 gnoll sergeants (D:10)
  A bullfrog (D:10)
  2 orc wizards (Orc:2)
  2 orc priests (Orc:2)
  3 white imps (D:11)
  10 orcs
  A fungus (Lair:6)
73 creatures vanquished.

Vanquished Creatures (others)
  A draconian annihilator (Zot:3)
  A hydra (Swamp:4)
  A deep troll earth mage (D:15)
  An ugly thing (Vaults:2)
  An orc sorcerer (Orc:2)
  A deep elf mage (Elf:2)
  A spiny frog (Lair:6)
  3 yaktaurs
  A hornet (Swamp:4)
  A slime creature (shapeshifter) (Vaults:1)
  A yak (D:13)
  A human (D:10)
  An orc wizard (Vaults:2)
  2 orcs
  A bush (Lair:6)
  88 fungi
  77 plants
183 creatures vanquished.

Grand Total: 2727 creatures vanquished

Levels and vault maps discovered:
D:1:      evilmike_arrival_grusome_pit, layout_loops_ring, minmay_tromino_v2
D:2:      layout_basic
D:3:      layout_basic, lemuel_round_altar, minmay_increasing_density
D:4:      layout_loops_ring, kennysheep_little_box, okawaru_gym_becter,
          chequers_temple_overflow_statue_of_worship, tgw_sif,
          lemuel_crystal_altar, nicolae_dithmenos_shadow_blocks,
          kennysheep_mini, first_ration, serial_shops, nicolae_shop_waterfront
D:5:      layout_cave_pools, nicolae_overflow_hidden_temple, serial_shops,
          nicolae_shop_crystal
D:6:      layout_basic, old_standard_altar
D:7:      layout_loops_cross, kennysheep_vampire_church,
          minmay_temple_entry_antechambers
D:8:      layout_gridville, vehumet_statue, blue_anna_alchemist
          [blue_anna_fruit_fields, blue_anna_fruit_fields]
D:9:      kennysheep_kobold_camp, layout_stronghold
D:10:     layout_rooms, erik_lair_island,
          kennysheep_orc_monster_closet_entryway, basic_altar,
          minmay_misc_feat_x, chequers_arboretum, tgw_kikubaaqudgha
D:11:     layout_basic, gammafunk_ghost_mausoleum, portal_ice_cave_entry_imps,
          serial_shops, bzr_entry_water
D:12:     layout_gridville
D:13:     layout_loops_ring, grunt_vaults_entry_tiered, nrook_campfire,
          uniq_josephine
D:14:     minmay_coctagon, layout_loops_cross, gammafunk_ghost_hive
D:15:     hangedman_depths_entry_try_elsewhere_first, layout_basic,
          kennysheep_flooded_box, minivault_26, hex_tiny,
          grunt_gozag_breadcrumbs
Lair:1:   layout_gridlike
Lair:2:   layout_long_grid, chequers_serial_rivers_micro_a
Lair:3:   layout_loops_ring, swamp_mist, guppyfry_snake_entry_island,
          grunt_megastairs_2
Lair:4:   mu_elephants_graveyard, layout_regular_city, forest_entry_grove
Lair:5:   layout_regular_city, chequers_serial_rivers_small_3, st_stairs_9,
          roderic_batcave
Lair:6:   minmay_lair_end_frog_pond, layout_cave_pods, slime_altar_1
Swamp:1:  layout_basic_swamp, hangedman_swamp_ruin_wall, swamp_pool1,
          hangedman_swamp_lotus, infiniplex_staircase_pool, uniq_louise
Swamp:2:  layout_falls_marsh, evilmike_swamp_ruin_rubble_2, swamp_pool1,
          uniq_frances
Swamp:3:  layout_basic_swamp, evilmike_swamp_ruin_rubble_1,
          infiniplex_staircase_pool_2
Swamp:4:  swamp, layout_basic_swamp
Snake:1:  layout_rooms, st_stairs_6
Snake:2:  layout_misc_corridors, serial_shops, shop
Snake:3:  layout_grid_maze, basic_altar, uniq_kirke
Snake:4:  minmay_snake_end_coiled, layout_cave_town, serial_shops, shop,
          guppyfry_library_mini, minmay_shop_grove
Orc:1:    layout_caves, lightli_volcano_entry_magma_tube
Orc:2:    st_orc_congregation, layout_diamond_mine
Elf:1:    layout_loops_corners, minivault_28, uniq_asterion
Elf:2:    layout_gridlike, nicolae_elf_glass_and_crystal_pillar_1,
          abandoned_shop, grunt_ministairs_1
Elf:3:    minmay_elf_hall_quartered_circle, layout_geoelf_grid, drop_trap
Vaults:1: gammafunk_vaults_ghost_necromancy, v_misc_9, vaults_door_vault,
          nicolae_vaults_little_squares_1, grunt_vaults_diagonal,
          ontoclasm_vaults_bender, vaults_room_pools, hangedman_vaults_cutoff,
          vaults_dpeg_cross, vaults_room_stairs_pillars, layout_vaults_omnicross
Vaults:2: ebering_vaults_ghost_xom, serial_ice_g, ontoclasm_vaults_hangar,
          nicolae_vaults_specimen_jars, nicolae_vaults_little_squares_6,
          v_misc_28, v_misc_13, ontoclasm_vaults_pinch,
          ontoclasm_vaults_gateway, layout_vaults_big_room
Vaults:3: v_alt_pattern_3, v_misc_13, minmay_crypt_entry_nasty_monster,
          v_misc_15, ontoclasm_vaults_eye, v_misc_26, serial_ice_h,
          nicolae_vaults_what_the_h, grunt_vaults_bifocal,
          nicolae_vaults_quadrants, nicolae_vaults_big_angled_halls,
          ontoclasm_vaults_decontamination, v_misc_4, nicolae_vaults_alarming,
          ontoclasm_vaults_hangar, layout_vaults_omnibox
Vaults:4: hangedman_vaults_snaps, hangedman_vaults_corner_blocks,
          hangedman_vaults_corner_blocks, vaults_standard_mumra_x,
          vaults_room_corners, serial_ice_m, hangedman_vaults_maws,
          nicolae_vaults_sealed_display, layout_vaults_omnigrid
Vaults:5: serial_shops
Crypt:1:  layout_gridlike
Crypt:2:  layout_gridlike, roderic_lattice_octagonal_star, uniq_sojobo,
          uniq_donald, uniq_mennas
Crypt:3:  quadcrypt_mu, uniq_jory, uniq_saint_roka
Depths:1: layout_cave_pools, enter_ziggurat_e, tso_metal_star, hell_entry,
          rand_demon_pan_entry_9, solitary_fountain, dk_noncrumbling_3,
          laboratory
Depths:2: gammafunk_jiyva_shrine, layout_cave_pools, pf_hell_entry_tar_spiral,
          serial_shops, shop, minmay_misc_feat_roman
Depths:3: minmay_box_of_curves, layout_long_grid, pan_entry, kennysheep_boxes,
          hellmouth_1
Depths:4: hangedman_spin_cycle, pan_entry, hell_entry, abyss_entry
Depths:5: grunt_zot_entry_gee_three, layout_basic, pf_hell_entry_great_geh,
          hangedman_decor_opposing, grunt_ministairs_10,
          kilobyte_rumbling_trees, uniq_margery
Zot:1:    layout_cellular_growth
Zot:2:    layout_misc_corridors
Zot:3:    layout_concentric_octagons, bh_zot_levy_curve
Zot:4:    layout_concentric_octagons, gammafunk_ghost_abyssal_escape
Zot:5:    layout_gridville


Message History

Things that are here:
7 stones; a cursed -2 spear
There is a stone staircase leading up here.
You climb upwards.
There is a stone staircase leading down here.
There is a stone staircase leading up here.
You climb upwards.
There is a stone staircase leading down here.
There is a stone staircase leading up here.
You climb upwards.
There is a stone staircase leading down here.
You see here a +0 dagger.
Magic restored.
There is a stone staircase leading down here.
You see here a helmet.
You see here 2 stones.
You see here a stone.
You see here a +0 club.
There is a staircase leading out of the dungeon here.
You have escaped!

Notes
Turn   | Place    | Note
-------+----------+-------------------------------------------
     0 | D:1      | bmfx the Felid Necromancer began the quest for the Orb.
     0 | D:1      | Reached XP level 1. HP: 7/7 MP: 4/4
   573 | D:1      | Reached XP level 2. HP: 10/11 MP: 3/6
  2308 | D:2      | Reached XP level 3. HP: 8/14 MP: 0/7
  2322 | D:2      | Learned a level 3 spell: Vampiric Draining
  3538 | D:3      | Noticed a bullfrog
  4508 | D:3      | Reached XP level 4. HP: 14/18 MP: 2/8
  5779 | D:4      | Found a sparkling altar of Nemelex Xobeh.
  5779 | D:4      | Found a glowing silver altar of Zin.
  5918 | D:4      | Noticed a phantom
  6391 | D:3      | Found a shimmering altar of Xom.
  6527 | D:4      | Found Ytuvveda's Book Boutique.
  6542 | D:4      | Reached XP level 5. HP: 19/21 MP: 5/9
  6673 | D:4      | Noticed Blork the orc
  6798 | D:4      | Reached skill level 5 in Necromancy
  7160 | D:4      | Found an opulent altar of Gozag.
  7309 | D:4      | Found a shadowy altar of Dithmenos.
  7361 | D:5      | Entered Level 5 of the Dungeon
  7363 | D:5      | p0werm0de: https://www.dailymotion.com/video/xudtyl
  7464 | D:5      | Found an ornate altar of the Wu Jian Council.
  7723 | D:5      | Found Kuoc's Antique Weapon Boutique.
  7904 | D:5      | Noticed a centaur
  7926 | D:5      | bmfx: wow
  7926 | D:5      | p0werm0de: :D
  7942 | D:5      | Reached skill level 1 in Unarmed Combat
  7966 | D:5      | bmfx: nice
  7966 | D:5      | Gained mutation: You are covered in thick fur. (AC +2)
                  | [Felid growth]
  7966 | D:5      | Reached XP level 6. HP: 17/24 MP: 11/11
  9119 | D:6      | Reached XP level 7. HP: 23/27 MP: 6/12
  9836 | D:4      | Found a sacrificial altar of Ru.
  9881 | D:4      | Found a burning altar of Makhleb.
  9886 | D:4      | Became a worshipper of Makhleb the Destroyer
 10056 | D:4      | Found an iron altar of Okawaru.
 10297 | D:4      | Reached skill level 5 in Stealth
 11053 | D:7      | Reached skill level 5 in Unarmed Combat
 11054 | D:7      | Shot with an arrow by a centaur
 11055 | D:7      | Reached XP level 6. HP: -1/24 MP: 1/11
 11055 | D:7      | FU crawl
 11319 | D:7      | Reached XP level 7. HP: 19/28 MP: 4/12
 11430 | D:7      | Reached skill level 1 in Fighting
 12008 | D:7      | Found a staircase to the Ecumenical Temple.
 12067 | D:7      | Found an ancient bone altar of Kikubaaqudgha.
 12901 | D:8      | Reached * piety under Makhleb
 13033 | D:8      | Noticed a hippogriff
 13216 | D:8      | Found a radiant altar of Vehumet.
 13407 | D:8      | Noticed a hungry ghost
 13437 | D:8      | Reached XP level 8. HP: 28/34 MP: 13/13
 13838 | D:8      | Killed a hippogriff
 14147 | D:8      | Learned a level 2 spell: Blink
 14185 | D:8      | Got a scorched ivory ring
 14227 | D:8      | Reached skill level 1 in Translocations
 14227 | D:8      | Reached skill level 5 in Evocations
 14916 | D:8      | Reached XP level 9. HP: 29/39 MP: 10/17
 15007 | D:8      | Reached ** piety under Makhleb
 15007 | D:8      | Reached skill level 5 in Spellcasting
 15007 | D:8      | Reached skill level 5 in Dodging
 15448 | D:9      | Identified the ring "Bugo" {+Blink Dex+2 SInv} (You found
                  | it on level 8 of the Dungeon)
 15898 | D:4      | Bought a book of Party Tricks for 550 gold pieces
 15905 | D:4      | Learned a level 6 spell: Invisibility
 16144 | D:9      | Reached skill level 1 in Hexes
 17053 | D:9      | Reached skill level 5 in Hexes
 17541 | D:10     | Entered Level 10 of the Dungeon
 17554 | D:10     | Noticed a troll
 17670 | D:10     | Killed a troll
 17841 | D:10     | Noticed a two-headed ogre
 17920 | D:10     | Reached *** piety under Makhleb
 18074 | D:10     | Reached skill level 1 in Invocations
 18098 | D:10     | Reached XP level 10. HP: 42/42 MP: 0/18
 18286 | D:10     | Found a staircase to the Lair.
 18482 | D:10     | Found a staircase to the Orcish Mines.
 18644 | D:10     | Found a glowing golden altar of the Shining One.
 18727 | D:10     | Reached skill level 10 in Hexes
 19007 | D:10     | Found an ancient bone altar of Kikubaaqudgha.
 19044 | D:10     | Killed a two-headed ogre
 20238 | D:6      | Found a shattered altar of Ashenzari.
 21050 | D:4      | Killed Blork the orc
 21054 | D:4      | Found a shimmering blue altar of Sif Muna.
 21502 | D:11     | Noticed a two-headed ogre
 21514 | D:11     | Killed a two-headed ogre
 21514 | D:11     | Reached XP level 11. HP: 46/46 MP: 17/19
 21545 | D:11     | Noticed a centaur warrior
 21684 | D:11     | Found a transporter.
 21685 | D:11     | Found a transporter.
 21685 | D:11     | Noticed Tullig's ghost (journeyman BaFi)
 21694 | D:11     | Noticed a purple ugly thing
 21986 | D:11     | Noticed a four-headed hydra
 22211 | D:11     | Noticed a six-headed hydra
 22232 | Lair:1   | Entered Level 1 of the Lair of Beasts
 22259 | Lair:1   | Reached **** piety under Makhleb
 24254 | Lair:2   | Reached skill level 10 in Stealth
 26252 | Lair:3   | Found a staircase to the Swamp.
 26770 | Lair:3   | Found a staircase to the Snake Pit.
 27190 | Lair:4   | Gained mutation: Your thick and shaggy fur keeps you warm.
                  | (AC +3, rC+) [Felid growth]
 27190 | Lair:4   | Reached XP level 12. HP: 49/49 MP: 20/20
 27237 | Lair:4   | Reached skill level 10 in Dodging
 29213 | Lair:4   | Noticed a dire elephant
 29246 | Lair:4   | Killed a dire elephant
 30053 | Lair:5   | Noticed an eight-headed hydra
 30165 | Lair:5   | Killed an eight-headed hydra
 30755 | Lair:5   | Reached XP level 13. HP: 52/52 MP: 16/22
 30763 | Lair:5   | Reached skill level 10 in Unarmed Combat
 31591 | Lair:6   | Entered Level 6 of the Lair of Beasts
 32017 | Lair:6   | Reached skill level 15 in Stealth
 32166 | Lair:6   | Reached ***** piety under Makhleb
 34449 | Lair:6   | Found a staircase to the Slime Pits.
 34449 | Lair:6   | Found a viscous altar of Jiyva.
 34572 | Lair:6   | Learned a level 1 spell: Apportation
 34578 | Lair:6   | Learned a level 5 spell: Blade Hands
 36433 | Lair:6   | Found a staircase to the Slime Pits.
 36433 | Lair:6   | Found a viscous altar of Jiyva.
 36853 | Lair:6   | Learned a level 5 spell: Irradiate
 37053 | D:11     | Reached skill level 5 in Fighting
 38035 | D:11     | Reached XP level 14. HP: 59/59 MP: 20/27
 39947 | D:13     | Reached skill level 1 in Transmutations
 40458 | D:13     | Identified the +7 scythe of Internal Strife {drain, Int+2
                  | Stlth+}
 40789 | D:13     | Reached skill level 5 in Transmutations
 40948 | D:13     | Found a gate to the Vaults.
 41123 | D:13     | Noticed Josephine
 41868 | D:14     | Noticed a frost giant
 41869 | D:14     | Found the +8 frozen axe "Frostbite" {freezing cloud, *Noise
                  | +Fly rC+}
 42191 | D:14     | Noticed Caleiyous's ghost (journeyman GrFE)
 42192 | D:14     | Found a transporter.
 42193 | D:14     | Found a transporter.
 43037 | D:14     | Killed a frost giant
 43496 | D:15     | Entered Level 15 of the Dungeon
 43503 | D:15     | Reached skill level 10 in Transmutations
 44106 | D:15     | Found a stormy altar of Qazlal.
 44623 | D:15     | Reached XP level 15. HP: 67/67 MP: 22/28
 45005 | D:15     | Found an opulent altar of Gozag.
 45302 | D:15     | Found a staircase to the Depths.
 45974 | Orc:1    | Entered Level 1 of the Orcish Mines
 46271 | Orc:2    | Entered Level 2 of the Orcish Mines
 46290 | Orc:2    | Reached ****** piety under Makhleb
 46897 | Orc:2    | Found a staircase to the Elven Halls.
 47166 | Orc:1    | Reached skill level 10 in Fighting
 47529 | Orc:2    | Reached skill level 10 in Spellcasting
 47777 | Orc:2    | Noticed an orc warlord
 47796 | Orc:2    | Killed an orc warlord
 48497 | Orc:2    | Found Ruip Xea's Antique Armour Shoppe.
 48705 | Orc:2    | Found Ubuame's Antique Weapon Shoppe.
 48706 | Orc:2    | Found Wereg's General Store.
 48706 | Orc:2    | Found Ziuwnokh's Book Emporium.
 49037 | Orc:2    | Learned a level 4 spell: Petrify
 49770 | Lair:3   | Reached skill level 1 in Conjurations
 49770 | Lair:3   | Reached skill level 1 in Earth Magic
 50082 | Elf:1    | Entered Level 1 of the Elven Halls
 51445 | Elf:1    | Noticed Asterion
 52787 | Elf:2    | Reached XP level 16. HP: 65/75 MP: 31/31
 53141 | Elf:2    | Reached skill level 5 in Conjurations
 53141 | Elf:2    | Reached skill level 5 in Earth Magic
 53780 | Elf:2    | Found a runed translucent gate.
 53780 | Elf:2    | Found a runed translucent gate.
 53781 | Elf:2    | Found a runed translucent gate.
 55633 | Elf:3    | Entered Level 3 of the Elven Halls
 58246 | Swamp:1  | Entered Level 1 of the Swamp
 58517 | Swamp:1  | Reached skill level 15 in Dodging
 58584 | Swamp:1  | Noticed Louise
 59273 | Swamp:1  | Got a twitching gossamer ring
 59280 | Swamp:1  | Lost strength.
 59280 | Swamp:1  | Identified the cursed ring "Faroykh" {rF+ Str-4} (You found
                  | it on level 1 of the Swamp)
 60316 | Swamp:2  | Learned a level 3 spell: Lesser Beckoning
 60935 | Swamp:2  | Noticed Frances
 64440 | Swamp:4  | Entered Level 4 of the Swamp
 65050 | Swamp:4  | Reached XP level 17. HP: 68/78 MP: 32/32
 66196 | Swamp:4  | Noticed the 27-headed Lernaean hydra
 66205 | Swamp:4  | Got a decaying rune of Zot
 66640 | Vaults:1 | Entered Level 1 of the Vaults
 66879 | Vaults:1 | Found a huge runed gate.
 66879 | Vaults:1 | Found a huge runed gate.
 66879 | Vaults:1 | Found a huge runed gate.
 66879 | Vaults:1 | Found a huge runed gate.
 66880 | Vaults:1 | Found a huge runed gate.
 66880 | Vaults:1 | Found a huge runed gate.
 66880 | Vaults:1 | Found a huge runed gate.
 66880 | Vaults:1 | Found a huge runed gate.
 67536 | Vaults:1 | Found a huge runed gate.
 67538 | Vaults:1 | Found a huge runed gate.
 67538 | Vaults:1 | Found a huge runed gate.
 67538 | Vaults:1 | Found a huge runed gate.
 67538 | Vaults:1 | Found a huge runed gate.
 67538 | Vaults:1 | Found a huge runed gate.
 67539 | Vaults:1 | Found a huge runed gate.
 67540 | Vaults:1 | Found a huge runed gate.
 67541 | Vaults:1 | Found a huge runed gate.
 67542 | Vaults:1 | Found a huge runed gate.
 67551 | Vaults:1 | Found a huge runed gate.
 67551 | Vaults:1 | Found a huge runed gate.
 67551 | Vaults:1 | Found a huge runed gate.
 67551 | Vaults:1 | Found a huge runed gate.
 67551 | Vaults:1 | Found a huge runed gate.
 67551 | Vaults:1 | Found a huge runed gate.
 67552 | Vaults:1 | Found a huge runed gate.
 67553 | Vaults:1 | Found a huge runed gate.
 67554 | Vaults:1 | Found a huge runed gate.
 68125 | Vaults:1 | Found a huge runed gate.
 68125 | Vaults:1 | Found a huge runed gate.
 68125 | Vaults:1 | Found a huge runed gate.
 68125 | Vaults:1 | Found a huge runed gate.
 68125 | Vaults:1 | Found a huge runed gate.
 68125 | Vaults:1 | Found a huge runed gate.
 68125 | Vaults:1 | Found a huge runed gate.
 68126 | Vaults:1 | Found a huge runed gate.
 68127 | Vaults:1 | Found a huge runed gate.
 68512 | Vaults:1 | Found a runed translucent gate.
 68512 | Vaults:1 | Found a runed translucent gate.
 68514 | Vaults:1 | Found a runed translucent gate.
 68517 | Vaults:1 | Noticed Usulitso's ghost (veteran FoVM)
 69121 | Vaults:2 | Reached skill level 15 in Unarmed Combat
 70847 | D:4      | Bought a book of Geomancy for 385 gold pieces
 70853 | D:4      | Learned a level 5 spell: Lee's Rapid Deconstruction
 72448 | Vaults:2 | Found a runed translucent door.
 72449 | Vaults:2 | Noticed Moutitz's ghost (adept MiFi)
 72708 | Vaults:2 | Found a shimmering altar of Xom.
 72844 | Vaults:2 | Killed Moutitz's ghost
 74203 | Vaults:3 | Identified the ring "Xipyop" {Fire Str+4 Int+2 Dex+3
                  | Stlth+}
 74414 | Vaults:3 | Reached XP level 18. HP: 82/82 MP: 18/33
 74858 | Vaults:3 | Reached skill level 10 in Earth Magic
 74999 | Vaults:3 | Noticed a bone dragon
 75190 | Vaults:3 | Killed a bone dragon
 76526 | Vaults:3 | Found a staircase to the Crypt.
 81608 | Vaults:4 | Reached XP level 19. HP: 85/85 MP: 22/34
 83680 | Vaults:4 | Learned a level 2 spell: Passwall
 83799 | Crypt:1  | Entered Level 1 of the Crypt
 84684 | D:13     | Killed Josephine
 84940 | Snake:1  | Entered Level 1 of the Snake Pit
 87205 | Depths:1 | Entered Level 1 of the Depths
 87475 | Swamp:1  | Killed Louise
 90136 | Elf:3    | Identified the +4 chain mail of Noughts and Crosses {rElec
                  | rC- Slay+5 Stlth+}
 91887 | Elf:3    | Identified the cursed ring of Goatiraa {*Corrode rElec rC+
                  | Str-4 Int+7}
 92648 | Elf:3    | Identified the +1 troll leather armour of Aqaplash
                  | {*Corrode +Blink rElec rF+++ Regen+}
 93532 | Elf:3    | Reached XP level 20. HP: 93/93 MP: 24/35
 94193 | Elf:3    | Identified the Papyrus of Unholy Secrets
 94201 | Elf:3    | Identified the Catalogue of the Foremost Stories
 94304 | Elf:3    | Identified Aqumag's Tome of the Compass
 94308 | Elf:3    | Identified the Guide on Calling and Stones
 94640 | Elf:3    | Identified the +3 leather armour of Bad Feelings {-Cast
                  | rElec rC++ Stlth+}
 95159 | Elf:3    | Cast into level 2 of the Abyss (a deep elf sorcerer)
 95159 | Abyss:2  | Found a corrupted altar of Lugonu.
 95242 | Elf:3    | Escaped the Abyss
 95956 | Vaults:1 | Gained mutation: Your body sometimes deteriorates upon
                  | taking damage. [mutagenic glow]
 97027 | Crypt:1  | Reached skill level 15 in Fighting
 97833 | Crypt:1  | Lost strength.
 98514 | Crypt:1  | Lost mutation: Your body sometimes deteriorates upon taking
                  | damage. [potion of mutation]
 98514 | Crypt:1  | Gained mutation: You are clumsy. (Dex -2) [potion of
                  | mutation]
 98514 | Crypt:1  | Gained mutation: You are robust. (+10% HP) [potion of
                  | mutation]
 98514 | Crypt:1  | Gained mutation: Your spells are a little harder to cast,
                  | but a little more powerful. [potion of mutation]
 98997 | Crypt:2  | Noticed Donald
 99470 | Crypt:3  | Entered Level 3 of the Crypt
 99470 | Crypt:3  | Noticed Saint Roka
 99472 | Crypt:3  | Killed Saint Roka
 99473 | Crypt:3  | Noticed Jory
 99499 | Crypt:2  | Noticed Mennas
 99504 | Crypt:2  | Gained mutation: You expend magic power (3 MP) to
                  | strengthen your wands. [mutagenic glow]
100356 | Orc:2    | Bought a book of Power for 765 gold pieces
100363 | Orc:2    | Learned a level 6 spell: Iron Shot
100927 | Snake:2  | Found Ruyvimix's Gadget Shop.
100934 | Snake:2  | Bought a wand of enslavement (11) for 143 gold pieces
100934 | Snake:2  | Bought a wand of digging (8) for 264 gold pieces
100934 | Snake:2  | Bought a wand of acid (4) for 176 gold pieces
100934 | Snake:2  | Bought a wand of acid (4) for 176 gold pieces
100934 | Snake:2  | Bought a wand of enslavement (6) for 88 gold pieces
103207 | Snake:3  | Found a shattered altar of Ashenzari.
103210 | Snake:3  | Identified the Disquisition on Sinister Curses
103963 | Snake:4  | Entered Level 4 of the Snake Pit
103982 | Snake:4  | Found Gekelar's Gadget Emporium.
103983 | Snake:4  | Found Tataefac's Jewellery Shop.
103983 | Snake:4  | Found Zetemi's Jewellery Shop.
103993 | Snake:4  | Bought the ring of Tenwoll {rPois rF++} for 712 gold pieces
103993 | Snake:4  | Bought an uncursed amulet of guardian spirit for 480 gold
                  | pieces
103993 | Snake:4  | Bought an uncursed ring of flight for 280 gold pieces
103995 | Snake:4  | Bought a lightning rod (4/4) for 680 gold pieces
106606 | Snake:4  | Reached XP level 21. HP: 110/110 MP: 9/36
107246 | Snake:4  | Found Deschuguic's Magic Scroll Emporium.
107254 | Snake:4  | Bought a scroll of blinking for 82 gold pieces
107254 | Snake:4  | Bought a scroll of teleportation for 33 gold pieces
107366 | Snake:4  | Reached skill level 10 in Conjurations
107558 | Snake:4  | Identified the amulet "Metin" {Spirit SInv}
109333 | Snake:4  | Got a serpentine rune of Zot
109826 | Snake:3  | Noticed Kirke
109831 | Snake:3  | Killed Kirke
109848 | Snake:3  | Gained mutation: You are partially covered in iridescent
                  | scales. (AC +2) [mutagenic glow]
110888 | Snake:2  | bmfx: i want to ^qyes
110888 | Snake:2  | bmfx: already cleared elf, vaults, both l branches
110888 | Snake:2  | bmfx: no statue form
110888 | Snake:2  | p0werm0de: but makh this time
110888 | Snake:2  | bmfx: and generally bad loot
110888 | Snake:2  | p0werm0de: just trust the greater demons
110888 | Snake:2  | bmfx: need to train invo for that
111218 | Snake:1  | p0werm0de: well at least thats less rng than hopin for stat
                  | :P
111224 | Snake:1  | p0werm0de: also qyes felids not a shame
111239 | Snake:1  | p0werm0de: you on streak?
111239 | Snake:1  | bmfx: yep
113061 | Swamp:4  | Killed the 27-headed Lernaean hydra
115029 | D:15     | Reached skill level 5 in Invocations
116744 | Depths:1 | Found a gateway to a ziggurat.
117462 | Depths:1 | Found a gateway to Hell.
117501 | Depths:1 | Found a glowing golden altar of the Shining One.
117631 | Depths:1 | Identified Sif Muna's Guide on the Damaging Volcanoes
117844 | Depths:1 | Found a one-way gate leading to the halls of Pandemonium.
117846 | Depths:1 | Reached XP level 22. HP: 115/115 MP: 30/38
120011 | Depths:2 | Learned a level 7 spell: Spellforged Servitor
120036 | Depths:2 | Reached skill level 1 in Summonings
121019 | Depths:2 | Found a transporter.
121256 | Depths:2 | Found Nizirige's Armour Emporium.
121261 | Depths:2 | Found a transporter.
123153 | Depths:3 | Learned a level 7 spell: Dragon Form
124078 | Depths:3 | Noticed a golden dragon
124085 | Depths:3 | Killed a golden dragon
124520 | Depths:3 | Identified the +7 halberd of Watchfulness {vorpal, +Blink
                  | Int+6}
124553 | Depths:3 | Noticed a golden dragon
125561 | Depths:3 | Killed a golden dragon
126071 | Depths:3 | Identified Kepumetai's Reference Book on Weightlessness and
                  | Execration
126478 | Depths:4 | Got a smoking pewter ring
126479 | Depths:4 | Identified the ring of Ruotank {rPois rC+ MP+9 Str+5
                  | Slay+2} (You found it on level 4 of the Depths)
126690 | Depths:4 | Reached XP level 23. HP: 118/118 MP: 41/41
127183 | Depths:4 | Found Gah Qien's Book Emporium.
127395 | Depths:4 | Reached skill level 15 in Transmutations
127764 | Depths:4 | Got a wavering copper ring
127765 | Depths:4 | Identified the ring "Wezxub" {rN+ Str+3 Slay+4} (You found
                  | it on level 4 of the Depths)
127799 | Depths:4 | Got a slimy marble ring
127800 | Depths:4 | Identified the ring "Fumiuh" {Wiz Str+3} (You found it on
                  | level 4 of the Depths)
127940 | Depths:4 | Found a one-way gate to the infinite horrors of the Abyss.
128963 | Depths:4 | Got a brightly glowing lapis lazuli ring
128964 | Depths:4 | Identified the ring "Joepleet" {rPois rF+ MR+ Dex+6 Stlth+}
                  | (You found it on level 4 of the Depths)
129198 | Depths:5 | Entered Level 5 of the Depths
131899 | Depths:5 | Noticed Margery
131909 | Depths:5 | Killed Margery
131909 | Depths:5 | Reached XP level 24. HP: 123/123 MP: 40/41
132160 | Depths:5 | Found a gate to the Realm of Zot.
132613 | D:11     | Killed Tullig's ghost
132742 | D:14     | Found a transporter.
132746 | D:14     | Found a transporter.
132749 | D:14     | Killed Caleiyous's ghost
132935 | Elf:1    | Killed Asterion
133513 | Crypt:2  | Killed Donald
133747 | Crypt:2  | Noticed Sojobo
133779 | Crypt:2  | Killed Sojobo
133945 | Crypt:2  | Killed Mennas
134520 | Crypt:2  | Killed Jory
134908 | Crypt:3  | Identified the Handbook of Dark Secrets
135594 | Depths:4 | Bought a book of Transfigurations for 1265 gold pieces
135663 | Depths:5 | Learned a level 6 spell: Statue Form
136747 | Crypt:3  | Found a staircase to the Tomb.
136764 | Crypt:3  | Noticed an ancient lich
136780 | Crypt:3  | Killed an ancient lich
136783 | Crypt:3  | Found the +5 scythe "Finisher" {speed, eviscerate}
137205 | Vaults:5 | Entered Level 5 of the Vaults
137216 | Vaults:5 | Identified the +6 broad axe "Eroqeg" {vamp, rF+ rN+ Dex-4}
137259 | Vaults:5 | Reached XP level 25. HP: 133/133 MP: 41/41
137440 | Vaults:5 | Noticed an ancient lich
137445 | Vaults:5 | Killed an ancient lich
137658 | Vaults:5 | Reached skill level 10 in Evocations
137749 | Vaults:5 | Found the +7 captain's cutlass {speed, disarm}
137750 | Vaults:5 | Found the +10 zealot's sword {holy, *Rage rN+ EV+3}
137756 | Vaults:5 | Got a heavily runed bronze ring
137757 | Vaults:5 | Identified the ring "Feptulac" {*Tele +Fly rPois} (You
                  | found it on level 5 of the Vaults)
137774 | Vaults:5 | Identified Xaevaz's Compendium of Lightness and
                  | Enhancements
137864 | Vaults:5 | Identified Zeropuyr's Disquisition on the Creative Blaze
138273 | Vaults:5 | Identified the Grimoire of Icy Summoning
138370 | Vaults:5 | Got a transparent silver amulet
138376 | Vaults:5 | Identified the amulet of Spite {Inacc Str+3} (You found it
                  | on level 5 of the Vaults)
138395 | Vaults:5 | Found the +10 dark maul {vorpal}
138764 | Vaults:5 | Got a silver rune of Zot
139142 | Vaults:1 | Killed Usulitso's ghost
139299 | Vaults:1 | Reached XP level 26. HP: 143/143 MP: 34/41
139668 | Zot:1    | Entered Level 1 of the Realm of Zot
139705 | Zot:1    | Reached skill level 10 in Invocations
140850 | Zot:2    | Noticed an orb of fire
141062 | Zot:1    | Killed an orb of fire
141296 | Zot:2    | Gained mutation: Your magical capacity is low. (-10% MP)
                  | [mutagenic glow]
141331 | Zot:1    | Gained mutation: Your body sometimes deteriorates upon
                  | taking damage. [mutagenic glow]
142763 | Zot:3    | Noticed an orb of fire
142765 | Zot:3    | Gained mutation: Your magical capacity is very low. (-20%
                  | MP) [an orb of fire]
142782 | Zot:3    | Killed an orb of fire
143780 | Zot:4    | Identified a scroll of acquirement
144218 | Zot:4    | Reached XP level 27. HP: 147/147 MP: 28/33
144460 | Zot:4    | Found a transporter.
144501 | Zot:4    | Found a transporter.
144502 | Zot:4    | Noticed an ancient lich
144503 | Zot:4    | Identified the +5 glaive of Zeatux {distort, *Contam +Fly
                  | rPois rN++}
144508 | Zot:4    | Noticed UristMcRaven's ghost (master DECj)
144892 | Zot:5    | Entered Level 5 of the Realm of Zot
145438 | Zot:5    | Noticed an ancient lich
145445 | Zot:5    | Killed an ancient lich
145550 | Zot:5    | Noticed an ancient lich
145559 | Zot:5    | Killed an ancient lich
145983 | Zot:5    | Noticed an orb of fire
145984 | Zot:5    | Gained mutation: Potions are less effective at restoring
                  | your health. [an orb of fire]
145994 | Zot:5    | Gained mutation: Your body often deteriorates upon taking
                  | damage. [an orb of fire]
146010 | Zot:5    | Gained mutation: You are very clumsy. (Dex -4) [an orb of
                  | fire]
146012 | Zot:5    | Killed an orb of fire
146023 | Zot:5    | Lost mutation: Your magical capacity is very low. (-20% MP)
                  | [potion of mutation]
146023 | Zot:5    | Lost mutation: You are robust. (+10% HP) [potion of
                  | mutation]
146023 | Zot:5    | Gained mutation: You are resistant to electric shocks.
                  | (rElec) [potion of mutation]
146238 | Zot:5    | Noticed an orb of fire
146284 | Zot:5    | Killed an orb of fire
146293 | Zot:5    | Noticed an orb of fire
146307 | Zot:5    | Gained mutation: You are weak. (Str -2) [an orb of fire]
146310 | Zot:5    | Killed an orb of fire
146867 | Zot:5    | Noticed an ancient lich
146886 | Zot:5    | Killed an ancient lich
147098 | Zot:5    | Noticed an orb of fire
147154 | Zot:5    | Gained mutation: You are occasionally teleported next to
                  | monsters. [mutagenic glow]
147188 | Zot:5    | Lost mutation: You expend magic power (3 MP) to strengthen
                  | your wands. [potion of mutation]
147188 | Zot:5    | Lost mutation: Your body often deteriorates upon taking
                  | damage. [potion of mutation]
147188 | Zot:5    | Gained mutation: You are resistant to hostile enchantments.
                  | (MR+) [potion of mutation]
147189 | Zot:5    | Lost mutation: You are weak. (Str -2) [potion of mutation]
147189 | Zot:5    | Lost mutation: You are resistant to hostile enchantments.
                  | (MR+) [potion of mutation]
147189 | Zot:5    | Lost mutation: You are very clumsy. (Dex -4) [potion of
                  | mutation]
147189 | Zot:5    | Gained mutation: You evolve. [potion of mutation]
147473 | Zot:5    | Killed an orb of fire
147737 | Zot:5    | Got the Orb of Zot
147928 | Zot:1    | Noticed Boiwem the pandemonium lord
147956 | Zot:1    | Killed Boiwem the pandemonium lord
148492 | D:$      | Escaped with the Orb!
